 Dungeon Crawl Stone Soup version 0.13-a0-3016-gcb2faac (webtiles) character file.

585 deflatedudder the Magician (level 6, -1/35 HPs)
             Began as an Octopode Wizard on Sept 14, 2013.
             Slain by an adder (5 damage)
             ... in a sewer.
             The game lasted 00:06:06 (4157 turns).

deflatedudder the Magician (Octopode Wizard)        Turns: 4157, Time: 00:06:06

HP  -1/35        AC  1     Str  6      XL: 6   Next: 79%
MP   4/17        EV 12     Int 22      God:
Gold 196         SH  0     Dex 11      Spells:  6 memorised,  2 levels left

Res.Fire  : . . .   See Invis. : .   x - +0,+1 spear (chaos)
Res.Cold  : . . .   Warding    : .   (no shield)
Life Prot.: . . .   Conserve   : .   b - +0 wizard hat
Res.Poison: .       Res.Corr.  : .   (no amulet)
Res.Elec. : .       Clarity    : .   (no ring)
Sust.Abil.: . .     Spirit.Shd : .   (no ring)
Res.Mut.  : .       Stasis     : .   (no ring)
Res.Rott. : .       Flight     : .   (no ring)
Saprovore : . . .                    (no ring)
                                     (no ring)
                                     (no ring)
                                     (no ring)

@: constricted, slightly resistant to hostile enchantments, very stealthy
A: almost no armour, amphibious, 8 rings, constrict 8, camouflage 1, AC +1
a: no special abilities


You were in a sewer.
You were not hungry.

You visited 1 branch of the dungeon, and saw 4 of its levels.
You also visited: Sewer.

You collected 176 gold pieces.

Inventory:

Hand weapons
 x - a +0,+1 spear of chaos (weapon)
Missiles
 f - 3 poisoned javelins (quivered)
Armour
 b - a +0 wizard hat (worn)
Comestibles
 H - 2 pears
 J - a sausage
 L - an apple
 M - 5 bread rations
 V - a choko
Scrolls
 a - 7 scrolls of identify {unknown}
 e - 3 scrolls of enchant armour {unknown}
 g - 6 scrolls of recharging {unknown}
 i - 5 scrolls of teleportation {unknown}
 j - a scroll of noise {unknown}
 l - 2 scrolls of blinking {unknown}
 m - 2 scrolls of curse jewellery {unknown}
 n - 4 scrolls of random uselessness {unknown}
 o - 6 scrolls of remove curse {unknown}
 r - a scroll of amnesia {unknown}
 s - 2 scrolls of enchant weapon I {unknown}
 t - a scroll of curse weapon {unknown}
 u - 2 scrolls of fog {unknown}
Jewellery
 k - an uncursed amulet of inaccuracy {unknown}
Potions
 d - a potion of poison
 p - a potion of curing
Books
 c - a book of Minor Magic

   Spells                             Type                      Level
   *Magic Dart                        Conjuration                  1
   *Blink                             Translocation                2
   Call Imp                           Summoning                    2
   *Repel Missiles                    Charms/Air                   2
   *Slow                              Hexes                        2
   *Conjure Flame                     Conjuration/Fire             3
   *Mephitic Cloud                    Conjuration/Poison/Air       3


   Skills:
 - Level 2.0 Dodging
 - Level 2.6 Stealth
 - Level 5.1 Spellcasting
 * Level 4.9 Conjurations
   Level 1.0 Summonings
 - Level 1.0 Translocations


You had 2 spell levels left.
You knew the following spells:

 Your Spells              Type           Power        Failure   Level  Hunger
a - Magic Dart            Conj           ####         1%          1    None
b - Blink                 Tloc           N/A          12%         2    None
c - Repel Missiles        Chrm/Air       #.........   17%         2    None
d - Slow                  Hex            #.......     17%         2    None
e - Mephitic Cloud        Conj/Pois/Air  ##......     17%         3    ##.....
f - Conjure Flame         Conj/Fire      ###.....     12%         3    ##.....


Dungeon Overview and Level Annotations

Branches:
Dungeon (4/27)
 Temple: D:4-7

Altars:
Xom


Innate Abilities, Weirdness & Mutations

You cannot wear most types of armour.
You are amphibious.
You can wear up to eight rings at the same time.
You can use your tentacles to constrict many enemies at once.
Your skin changes colour to match your surroundings (Stlth).
Your rubbery body absorbs attacks (AC +1).


Message History

* * * LOW HITPOINT WARNING * * *
The ball python grabs you.
* * * LOW HITPOINT WARNING * * *
The ball python constricts you. The adder bites you but does no damage.
Unknown command.
Drink which item? (? for menu, Esc to quit)
You feel better. The adder bites you.
* * * LOW HITPOINT WARNING * * *
The ball python bites you.
* * * LOW HITPOINT WARNING * * *
The ball python constricts you.
Your attempt to break free from the ball python fails, but you feel that another attempt might succeed.
The adder closely misses you. The ball python barely misses you.
* * * LOW HITPOINT WARNING * * *
The ball python constricts you.
Your attempt to break free from the ball python fails, but you feel that another attempt might succeed.
The adder barely misses you. The ball python barely misses you.
* * * LOW HITPOINT WARNING * * *
The ball python constricts you. The adder bites you.
You die...

# ###..........#
##
##..............
.##
##...............
..#
#........##S.....
..## ##%...%%###
... ...#
#%..%..## . ...#
#...%.S# ≈≈≈#
#≈≈≈≈SS# ≈≈≈#
#≈≈≈%≈@# ≈≈≈#
#≈≈≈%≈≈# ≈≈≈#
#≈≈≈≈≈≈# ≈≈≈#
#≈≈≈≈≈≈# ≈≈≈#
#≈....≈# ≈≈≈#
#......# ≈≈≈#
#≈....≈# ≈≈≈#
#≈≈.≈≈≈# ≈≈≈#
#≈≈≈≈≈≈#


You could see an adder and 2 ball pythons.

Vanquished Creatures
  A giant frog (D:4)
  An orc priest (D:3)
  A scorpion (D:4)
  An orc wizard (D:3)
  7 adders
  A gnoll (D:2)
  A green rat (Sewer)
  A worker ant zombie (D:4)
  A worm (D:4)
  2 giant geckos
  2 oozes
  6 orcs
  5 ball pythons
  7 goblins
  22 grey rats
  2 hobgoblins
  A quokka (D:2)
  5 bats
  4 giant cockroaches
  3 giant newts
  A gnoll skeleton (D:4)
  7 kobolds
  22 rats
104 creatures vanquished.

Notes
Turn   | Place    | Note
--------------------------------------------------------------
     0 | D:1      | deflatedudder, the Octopode Wizard, began the quest for the Orb.
     0 | D:1      | Reached XP level 1. HP: 9/9 MP: 5/5
   287 | D:1      | Reached XP level 2. HP: 15/15 MP: 1/7
   477 | D:1      | Learned a level 2 spell: Blink
   480 | D:1      | Learned a level 2 spell: Repel Missiles
   483 | D:1      | Learned a level 2 spell: Slow
   819 | D:2      | Reached skill level 4 in Spellcasting
   819 | D:2      | Reached XP level 3. HP: 10/19 MP: 1/10
  1654 | D:2      | Learned a level 3 spell: Mephitic Cloud
  1686 | D:2      | Reached XP level 4. HP: 19/25 MP: 6/12
  1722 | D:2      | Found a shimmering altar of Xom.
  2218 | D:3      | Reached skill level 5 in Spellcasting
  2265 | D:3      | Reached XP level 5. HP: 29/29 MP: 13/15
  2270 | D:3      | Learned a level 3 spell: Conjure Flame
  3273 | D:4      | Reached XP level 6. HP: 35/35 MP: 9/17
  3676 | D:4      | Found a glowing drain.
  3736 | Sewer    | Entered a sewer
  4157 | Sewer    | Slain by an adder

Action                   |  1- 3 |  4- 6 || total
-------------------------+-------+-------++-------
Melee: Unarmed           |    10 |       ||    10
       Spear             |       |    49 ||    49
 Cast: Magic Dart        |    63 |   178 ||   241
       Mephitic Cloud    |     1 |     1 ||     2
  Use: Potion            |     3 |     4 ||     7
 Stab: Confused          |       |     2 ||     2
       Sleeping          |       |     1 ||     1
